 Dungeon Crawl Stone Soup version 0.31.0-11-ge490571c62 (webtiles) character file.

Game seed: 8015197612170221074

868 Abimelech the Chopper (level 7, -8/59 (60) HPs)
             Began as a Grey Draconian Monk on Jan 31, 2024.
             Was a Believer of Qazlal.
             Mangled by a gnoll sergeant
             ... wielding a +3 trident of chaos
              (11 damage)
             ... on level 5 of the Dungeon.
             The game lasted 00:11:28 (4229 turns).

Abimelech the Chopper (Grey Draconian Monk)         Turns: 4229, Time: 00:11:29

HP:   -8/59 (60)    AC: 11    Str: 13    XL:     7   Next: 73%
MP:   9/9           EV: 13    Int: 13    God:    Qazlal [**....]
Gold: 225           SH:  0    Dex: 13    Spells: 2/9 levels left

rFire   x . .        h - +0 war axe (freeze)
rCold   + . .        c - orb {light}
rNeg    . . .        (body armour unavailable)
rPois   .            (helmet restricted)
rElec   .            (no cloak)
rCorr   .            (no gloves)
SInv    .            (no boots)
Will    .....        (no amulet)
Stlth   +            k - ring of ice
HPRegen 0.29/turn    (no ring)
MPRegen 0.11/turn

%: no passive effects
@: confused, lethally poisoned (-8 -> -10), ambrosia-drunk, glowing, lightly
drained
A: AC +11, amphibious, unfitting armour, cold-blooded
a: Renounce Religion, Upheaval


You were on level 5 of the Dungeon.
You worshipped Qazlal.
Qazlal was pleased with you.
You visited 1 branch of the dungeon, and saw 5 of its levels.

You collected 225 gold pieces.

Inventory:

Hand Weapons
 a - a +0 hand axe
 h - a +0 war axe of freezing (weapon)
Armour
 c - an orb of light (worn)
Jewellery
 k - a ring of ice (left hand)
Wands
 m - a wand of flame (22)
Scrolls
 d - 2 scrolls of enchant armour
Potions
 e - a potion of enlightenment
 f - a potion of cancellation {unknown}
 g - a potion of resistance
 j - 2 potions of degeneration
 n - 3 potions of brilliance
 p - a potion of berserk rage {unknown}


   Skills:
 * Level 4.4 Fighting
 * Level 5.8 Axes
 * Level 1.7 Throwing
 * Level 3.7 Dodging
 * Level 1.6 Stealth
 * Level 1.8 Spellcasting
 * Level 1.3 Conjurations
 * Level 1.4 Hexes
 * Level 1.3 Necromancy
 * Level 1.7 Ice Magic
 * Level 1.5 Invocations
 * Level 1.4 Evocations


You had 2 spell levels left.
You knew the following spells:

 Your Spells              Type           Power      Damage    Failure   Level
a - Ensorcelled Hibernat  Hex/Ice        14%        N/A       21%         2
b - Kiss of Death         Conj/Necr      16%        2d6       16%         1
c - Dispel Undead         Necr           4%         3d7       83%         4

Your spell library contained the following spells:

 Spells                   Type           Power      Damage    Failure   Level
 Necrotise                Necr           16%        1d4       16%         1
 Sting                    Conj/Alch      8%         1d3       21%         1
 Apportation              Tloc           2%         N/A       26%         1
 Summon Small Mammal      Summ           4%         N/A       26%         1
 Confusing Touch          Hex            4%         N/A       41%         3
 Passwall                 Erth           1%         N/A       61%         3
 Swiftness                Air            1%         N/A       61%         3


Dungeon Overview and Level Annotations

Branches:
Dungeon (5/15)
 Temple: D:4-7

Altars:
Ashenzari
Elyvilon
Hepliaklqana
Qazlal

Annotations:
D:5 1 transporter, turdburglar's ghost, novice DrSh


Innate Abilities, Weirdness & Mutations

Your dull iron-grey scales are very hard. (AC +11)
You are amphibious.
You cannot fit into any form of body armour.
You are cold-blooded and may be slowed by cold attacks.


Message History

Unknown command.
Okay, then.
You hit the gnoll bouda. You freeze the gnoll bouda.
The gnoll bouda is heavily wounded.
* * * LOW HITPOINT WARNING * * *
You feel very sick. The gnoll sergeant misses you.
The gnoll hits you but does no damage. The gnoll sergeant closely misses you.
Unknown command.
Aiming: Upheaval
Press: ? - help, Dir - move target, f/p - gnoll sergeant
Aim: a gnoll sergeant, wielding a +2 spear of venom, wearing a +2 ring mail and wearing a +2 kite shield (covering ground quickly, haloed)
A blizzard blasts the area with ice!
The blast of ice hits the gnoll sergeant!!
You kill the gnoll sergeant!
Qazlal accepts your kill.
The blast of ice hits the gnoll!
You kill the gnoll!
Qazlal accepts your kill.
You feel sick.
The gnoll bouda hits you with a +0 club.
* * * LOW HITPOINT WARNING * * *
The gnoll misses you.
You are confused.
You feel invigorated.
You feel sick.
The gnoll sergeant hits you but does no damage.
You feel drained. The gnoll bouda barely misses you.
The gnoll hits you but does no damage.
You feel sick.
The gnoll sergeant hits you from afar with a +3 trident of chaos.
* * * LOW HITPOINT WARNING * * *
You feel your power leaking away.
The gnoll bouda hits you but does no damage.
The gnoll hits you but does no damage.
You feel sick.
The gnoll bouda hits you with a +0 club.
* * * LOW HITPOINT WARNING * * *
The gnoll closely misses you.
The gnoll sergeant hits you from afar with a +3 trident of chaos!
You die...

.# #..≈≈#g"..g......#≈≈.......#.
.# #..≈≈###.##'##.###≈≈.....#.#.
.# #..≈≈..#.#...#.#..≈≈.....#.#.
.# #..≈≈.##.#...#g##.≈≈.....#.##
.# #..≈≈.#g.#?:.#.©#.≈≈........#
.####..≈≈.##.#####.##.≈≈.......##
...........#)#8⌠8#.#..≈≈.....#.#
..........©#.).©g'.#©.~~...>.#.#
...........#.#g§@#.#..≈≈.......#
.......≈≈.##.##g##.##.≈≈.......#
.......≈≈.#gg#...#.g#.≈≈.......#
#####..≈≈.##.'...'.##.≈≈.....#.##
....#..≈≈..#.#...#.#..≈≈.....#...
....##.≈≈###.##'##.###≈≈..#######
.......≈≈#...........#≈≈.## #
.......≈≈#8.###.###.8#≈≈.# #
.......≈≈#..#8###8#!.#≈≈.########


You could see a gnoll sergeant (swift), a gnoll bouda and a gnoll (swift).

Vanquished Creatures
  Eustachio (D:5)
  An ice beast (D:5)
  A centaur (D:5)
  Blork the orc (D:5)
  A gnoll sergeant (D:5)
  A scorpion (D:5)
  A jelly (D:5)
  3 orc priests (D:5)
  A gnoll bouda (D:4)
  8 gnolls
  5 adders
  2 ufetubi (D:5)
  A ribbon worm (D:2)
  A dart slug (D:1)
  2 orcs (D:5)
  7 ball pythons
  6 endoplasms
  5 giant cockroaches
  6 goblins
  6 hobgoblins
  13 jackals
  8 kobolds
  3 quokkas
  2 bats
  7 frilled lizards
  4 rats
97 creatures vanquished.

Notes
Turn   | Place    | Note
-------+----------+-------------------------------------------
     0 | D:1      | Abimelech the Draconian Monk began the quest for the Orb.
     0 | D:1      | Reached XP level 1. HP: 19/19 MP: 1/1
    92 | D:1      | Reached XP level 2. HP: 22/26 MP: 2/2
   223 | D:1      | Reached XP level 3. HP: 25/33 MP: 3/3
   353 | D:1      | Learned a level 2 spell: Ensorcelled Hibernation
   596 | D:3      | Found a white marble altar of Elyvilon.
   616 | D:3      | Found a stormy altar of Qazlal.
   636 | D:3      | Became a worshipper of Qazlal Stormbringer
   636 | D:3      | Reached * piety under Qazlal
   636 | D:3      | Reached ** piety under Qazlal
  1534 | D:2      | Reached XP level 4. HP: 40/40 MP: 5/5
  2655 | D:4      | Found a hazy altar of Hepliaklqana.
  2707 | D:4      | Found a broken altar of Ashenzari.
  2748 | D:4      | Reached skill level 4 in Axes
  2898 | D:4      | Reached skill level 1 in Spellcasting
  2898 | D:4      | Reached XP level 5. HP: 46/46 MP: 6/6
  2913 | D:4      | Reached skill level 1 in Stealth
  3022 | D:4      | Learned a level 1 spell: Kiss of Death
  3377 | D:5      | Entered Level 5 of the Dungeon
  3401 | D:5      | Found a transporter.
  3429 | D:5      | Noticed a centaur
  3435 | D:5      | Killed a centaur
  3436 | D:5      | Reached skill level 1 in Throwing
  3436 | D:5      | Reached skill level 1 in Ice Magic
  3436 | D:5      | Reached skill level 1 in Invocations
  3436 | D:5      | Reached XP level 6. HP: 41/52 MP: 7/7
  3451 | D:5      | Noticed Blork the orc
  3459 | D:5      | Killed Blork the orc
  3460 | D:5      | Reached skill level 1 in Hexes
  3460 | D:5      | Reached skill level 1 in Evocations
  3659 | D:5      | Reached skill level 5 in Axes
  3739 | D:5      | Noticed Eustachio
  3747 | D:5      | Killed Eustachio
  3748 | D:5      | Reached skill level 1 in Conjurations
  3748 | D:5      | Reached skill level 1 in Necromancy
  3748 | D:5      | Your scales start taking on a dull iron-grey colour.
  3748 | D:5      | Reached XP level 7. HP: 59/59 MP: 9/9
  3782 | D:5      | Found a transporter.
  3987 | D:5      | Learned a level 4 spell: Dispel Undead
  4173 | D:5      | Noticed turdburglar's ghost (novice DrSh)
  4226 | D:5      | HP: 1/60 [gnoll bouda/+0 club (4)]
  4229 | D:5      | Mangled by a gnoll sergeant

Illustrated notes

Levels and vault maps discovered:
D:1:      minmay_arrival_stair_chambers, layout_loops_ring, nicolae_the_louvre
D:2:      layout_loops_ring, bh_walls_and_bars
D:3:      layout_basic, mainiacjoe_overflow_large_starburst, serial_bayou_pond_c
D:4:      layout_rooms, worldfamousw_hep_ancestral_shrine,
          mainiacjoe_overflow_24_doors
D:5:      layout_basic, gammafunk_ghost_gnarly_gnolls, uniq_eustachio,
          uniq_blork_the_orc

Skill      XL: |  1  2  3  4  5  6 |
---------------+-------------------+-----
Dodging        | 3 |  3.7
Axes           | 4 5 |  5.8
Spellcasting   | 1 |  1.8
Fighting       | 4 |  4.4
Stealth        | 1 |  1.6
Throwing       | 1 |  1.7
Ice Magic      | 1 |  1.7
Invocations    | 1 |  1.5
Hexes          | 1 |  1.4
Evocations     | 1 |  1.4
Conjurations   | 1 |  1.3
Necromancy     | 1 |  1.3

Action                     |  1- 3 |  4- 6 |  7- 9 || total
---------------------------+-------+-------+-------++-------
  Melee: Hand axe          |    71 |       |       ||    71
         Tailslap          |    13 |     8 |     7 ||    28
         War axe           |    20 |    85 |    20 ||   125
  Throw: Dart              |       |    14 |       ||    14
 Invoke: Upheaval          |       |     1 |     1 ||     2
  Evoke: Wand              |       |     1 |       ||     1
    Use: Scroll            |     9 |     6 |     2 ||    17
         Potion            |       |     3 |     3 ||     6
   Stab: Sleeping          |     1 |       |       ||     1
 Armour: Skin              |    68 |    64 |    30 ||   162
  Dodge: Dodged            |    74 |    79 |    19 ||   172
